 Dungeon Crawl Stone Soup version 0.31.0-9-g3a7656b989 (webtiles) character file.

Game seed: 1778080535796730184

12345842 RepoMan the Ghoulish Aeon (level 27, 253/253 HPs)
             Began as a Ghoul Warper on Feb 2, 2024.
             Was the Champion of Cheibriados.
             Escaped with the Orb
             ... and 11 runes
             ... and 2 gems (1 intact) on Feb 3, 2024!
             The game lasted 15:58:30 (69613 turns).

RepoMan the Ghoulish Aeon (Ghoul Warper)           Turns: 69613, Time: 15:58:31

Health: 253/253    AC: 36    Str: 42    XL:     27
Magic:  43/43      EV: 17    Int: 44    God:    Cheibriados [******]
Gold:   3736       SH: 33    Dex: 25    Spells: 13/58 levels left

rFire   + + +        w - +11 Singing Sword {sonic wave}
rCold   + + +        Z - +8 tower shield
rNeg    + + +        W - +8 plate armour "Hahit" {Str+2 Int+2}
rPois   ∞            R - +2 helmet {SInv}
rElec   +            X - scarf {rC+ rF+}
rCorr   +            v - +1 pair of gloves of Jimeoz {rF++ Str+5}
SInv    +            E - +3 pair of mountain boots {steadfast, rC+}
Will    +++..        y - amulet "Utovu" {Acrobat rElec Regen+ rCorr Str-2} Stlth
                     V - ring "Plog" {Fly Will+ rCorr Str+3 Int+7}
HPRegen 1.42/turn    D - ring of the Mage {Wiz Archmagi}
MPRegen 0.28/turn

%: acrobat, wizardry (x1), archmagi
@: flying, studying 3 skills, very slow
A: claws 1, cold resistance 1, negative energy resistance 3, inhibited
regeneration, torment resistance 2, devour on kill
0: Orb of Zot
}: 11/15 runes: serpentine, barnacled, slimy, silver, golden, abyssal, demonic,
glowing, magical, fiery, dark
a: Renounce Religion, Bend Time, Temporal Distortion, Slouch, Step From Time


You escaped.
You worshipped Cheibriados.
Cheibriados was exalted by your worship.
You visited 13 branches of the dungeon, and saw 59 of its levels.
You visited Pandemonium 2 times, and saw 19 of its levels.
You visited the Abyss 1 time.
You visited 2 bazaars.
You visited 1 ziggurat, and saw 11 of its levels.
You also visited: Ice Cave, Wizlab and Desolation.

You collected 10420 gold pieces.
You spent 6684 gold pieces at shops.

Inventory:

Hand Weapons
 h - the +8 broad axe "Gaovo" {heavy, *Rage +Blink Int+3 Stlth+}
   (You took it off a deep elf knight on level 3 of the Elven Halls)

   Int+3:     It affects your intelligence (+3).
   +Blink:    It lets you blink.
   *Rage:     It berserks you when you make melee attacks (+20% chance).
   Stlth+:    It makes you more stealthy.
 w - the +11 Singing Sword (weapon) {sonic wave}
   (You took it off a deep elf annihilator on level 3 of the Elven Halls)
Missiles
 d - 10 silver javelins
 Q - a curare-tipped dart
Armour
 v - the +1 pair of gloves of Jimeoz (worn) {rF++ Str+5}
   (You bought it in a shop on level 1 of the Shoals)

   Str+5:     It affects your strength (+5).
   rF++:      It greatly protects you from fire.
 E - the +3 pair of mountain boots (worn) {steadfast, rC+}
   (You found it on level 3 of a ziggurat)

   Steadfast: It prevents involuntary movement, except for blinking,
   teleportation, or banishment.
   rC+:       It protects you from cold.
 M - a scarf of repulsion
 R - a +2 helmet of see invisible (worn)
 W - the +8 plate armour "Hahit" (worn) {Str+2 Int+2}
   (You found it on level 2 of the Shoals)

   Str+2:     It affects your strength (+2).
   Int+2:     It affects your intelligence (+2).
 X - a scarf of resistance (worn)
 Z - a +8 tower shield (worn)
Magical Staves
 s - the staff of Yeast {rC+ rCorr Str+3 Ice}
   (You found it on level 5 of the Pits of Slime)

   [staff of cold]

   Base accuracy: +5 Base damage: 5 Base attack delay: 1.2 This weapon's minimum
   attack delay (0.6) is reached at skill level 12.
   Str+3:     It affects your strength (+3).
   rC+:       It protects you from cold.
   rCorr:     It protects you from acid and corrosion.
   Ice:       It increases the power of your Ice spells.
   It falls into the 'Staves' category.
   It is a one-clawed weapon.
 x - the staff of Flawed Execution {rElec rC+ Ice}
   (You found it on level 5 of the Vaults)

   [staff of cold]

   Base accuracy: +5 Base damage: 5 Base attack delay: 1.2 This weapon's minimum
   attack delay (0.6) is reached at skill level 12.
   rC+:       It protects you from cold.
   rElec:     It insulates you from electricity.
   Ice:       It increases the power of your Ice spells.
   It falls into the 'Staves' category.
   It is a one-clawed weapon.
Jewellery
 e - the ring of Deiphuor {MP+9 Int+6 Dex+2 Stlth+}
   (You found it on level 5 of the Pits of Slime)

   [ring of intelligence]

   Int+6:     It affects your intelligence (+6).
   Dex+2:     It affects your dexterity (+2).
   MP+9:      It affects your magic capacity (+9).
   Stlth+:    It makes you more stealthy.
 p - the ring of Cescheav {Wiz rC- Will+ Str+8}
   (You found it in the Desolation of Salt)

   [ring of wizardry]

   Wiz:       It improves your spell success rate.
   Str+8:     It affects your strength (+8).
   rC-:       It makes you vulnerable to cold.
   Will+:     It increases your willpower.
 q - the ring of Geathrioq {Fire Will++}
   (You took it off an ogre mage on level 5 of the Vaults)

   [ring of fire]

   Fire:      It enhances your fire magic.
   rF+:       It protects you from fire.
   rC-:       It makes you vulnerable to cold.
   Will++:    It greatly increases your willpower.
 y - the amulet "Utovu" (around neck) {Acrobat rElec Regen+ rCorr Str-2}
   (You found it on level 5 of the Pits of Slime)

   [amulet of the acrobat]

   Acrobat:   It increases your evasion while moving and waiting.
   Str-2:     It affects your strength (-2).
   rElec:     It insulates you from electricity.
   Regen+:    It increases your rate of health regeneration.
   rCorr:     It protects you from acid and corrosion.
 D - the ring of the Mage (right hand) {Wiz Archmagi}
   (You bought it in a shop on level 2 of the Orcish Mines)

   [ring of wizardry]

   Wiz:       It improves your spell success rate.
   Archmagi:  It increases the power of your magical spells.
 I - an amulet of magic regeneration
 O - the ring "Waogoguh" {Will+ Str+6}
   (You found it on level 9 of a ziggurat)

   [ring of strength]

   Str+6:     It affects your strength (+6).
   Will+:     It increases your willpower.
 T - the ring "Ivauclots" {Fly rElec Dex+2}
   (You found it in a wizard's laboratory)

   [ring of flight]

   Dex+2:     It affects your dexterity (+2).
   rElec:     It insulates you from electricity.
   Fly:       It grants you flight.
 V - the ring "Plog" (left hand) {Fly Will+ rCorr Str+3 Int+7}
   (You bought it in a shop on level 1 of the Snake Pit)

   [ring of intelligence]

   Str+3:     It affects your strength (+3).
   Int+7:     It affects your intelligence (+7).
   Will+:     It increases your willpower.
   Fly:       It grants you flight.
   rCorr:     It protects you from acid and corrosion.
Wands
 c - a wand of light (9)
 m - a wand of flame (98)
 u - a wand of mindburst (15)
 F - a wand of roots (64)
 S - a wand of digging (23)
Scrolls
 b - 13 scrolls of enchant weapon
 f - 2 scrolls of teleportation
 g - 8 scrolls of fear
 k - 10 scrolls of amnesia
 l - 2 scrolls of silence
 n - 4 scrolls of enchant armour
 t - 3 scrolls of fog
 z - 5 scrolls of vulnerability
 K - 4 scrolls of poison
 N - 2 scrolls of revelation
 Y - a scroll of immolation
Potions
 a - 17 potions of curing
 i - 3 potions of resistance
 o - 3 potions of cancellation
 r - 3 potions of might
 A - 2 potions of invisibility
 C - 6 potions of attraction
 G - a potion of enlightenment
 U - a potion of ambrosia
Miscellaneous
 j - a phantom mirror
 J - a lightning rod (4/4)
 L - a figurine of a ziggurat
 P - a phial of floods


   Skills:
 + Level 21.7 Fighting
 + Level 17.2 Long Blades
 - Level 9.9 Staves
 - Level 6.0 Throwing
 + Level 16.1 Armour
 - Level 9.9 Dodging
 - Level 21.1 Shields
 - Level 17.7 Unarmed Combat
 + Level 16.0 Spellcasting
 - Level 1.1 Conjurations
 - Level 1.1 Summonings
 - Level 8.8 Translocations
 - Level 26.6 Ice Magic
 - Level 1.1 Air Magic
 - Level 1.1 Alchemy
 O Level 27 Invocations
 - Level 3.3 Evocations


You had 13 spell levels left.
You knew the following spells:

 Your Spells              Type           Power      Damage    Failure   Level
a - Manifold Assault      Tloc           100%       N/A       1%          4
b - Blink                 Tloc           100%       N/A       1%          2
c - Ozocubu's Armour      Ice            100%       N/A       0%          3
g - Apportation           Tloc           100%       N/A       1%          1
h - Summon Ice Beast      Ice/Summ       100%       N/A       1%          3
l - Lesser Beckoning      Tloc           100%       N/A       1%          2
o - Ozocubu's Refrigerat  Ice            79%        4d25      1%          7
s - Sculpt Simulacrum     Ice/Alch       62%        N/A       1%          6
v - Vhi's Electric Charg  Tloc/Air       100%       N/A       1%          4
G - Passage of Golubria   Tloc           100%       N/A       1%          4
P - Polar Vortex          Ice            79%        12d10*    2%          9

Your spell library contained the following spells:

 Spells                   Type           Power      Damage    Failure   Level
 Ensorcelled Hibernation  Hex/Ice        100%       N/A       0%          2
 Frozen Ramparts          Ice            100%       1d16      0%          3
 Kiss of Death            Conj/Necr      100%       2d13      1%          1
 Magic Dart               Conj           100%       1d8       1%          1
 Necrotise                Necr           100%       1d9       1%          1
 Sandblast                Erth           100%       2d20      1%          1
 Shock                    Conj/Air       100%       1d9       1%          1
 Sting                    Conj/Alch      100%       1d9       1%          1
 Summon Small Mammal      Summ           100%       N/A       1%          1
 Call Imp                 Summ           100%       N/A       1%          2
 Cigotuvi's Dreadful Rot  Necr/Alch/Air  100%       N/A       1%          2
 Jinxbite                 Hex            100%       N/A       1%          2
 Mercury Vapours          Alch/Air       100%       N/A       1%          2
 Momentum Strike          Conj/Tloc      100%       3d10      1%          2
 Scorch                   Fire           100%       2d9       1%          2
 Gell's Gravitas          Tloc           100%       N/A       1%          3
 Teleport Other           Tloc           100%       N/A       1%          3
 Dimensional Bullseye     Hex/Tloc       42%        N/A       1%          4
 Iskenderun's Mystic Bla  Conj/Tloc      87%        2d17      1%          4
 Freezing Cloud           Conj/Ice/Air   55%        6-21      1%          5
 Metabolic Englaciation   Hex/Ice        61%        N/A       1%          5
 Call Canine Familiar     Summ           61%        N/A       2%          3
 Mephitic Cloud           Conj/Alch/Air  61%        N/A       2%          3
 Swiftness                Air            61%        N/A       2%          3
 Confusing Touch          Hex            52%        N/A       3%          3
 Dazzling Flash           Conj/Hex       100%       N/A       3%          3
 Fugue of the Fallen      Necr           52%        N/A       3%          3
 Passwall                 Erth           52%        N/A       3%          3
 Sigil of Binding         Hex            52%        N/A       3%          3
 Stone Arrow              Conj/Erth      100%       3d13      3%          3
 Tukima's Dance           Hex            52%        N/A       3%          3
 Vampiric Draining        Necr           52%        2d9       3%          3
 Summon Forest            Summ/Tloc      43%        N/A       4%          5
 Dispersal                Tloc           53%        N/A       5%          6
 Airstrike                Air            30%        2d(5-21)  8%          4
 Fulminant Prism          Conj/Alch      30%        3d16      8%          4
 Olgreb's Toxic Radiance  Alch           61%        N/A       8%          4
 Summon Lightning Spire   Summ/Air       61%        N/A       8%          4
 Animate Armour           Summ/Erth      100%       N/A       10%         4
 Brom's Barrelling Bould  Conj/Erth      57%        2d7       10%         4
 Ignite Poison            Fire/Alch      57%        N/A       10%         4
 Leda's Liquefaction      Alch/Erth      28%        N/A       10%         4
 Martyr's Knell           Necr/Summ      57%        N/A       10%         4
 Petrify                  Alch/Erth      57%        N/A       10%         4
 Sticky Flame             Fire/Alch      57%        2d10      10%         4
 Summon Blazeheart Golem  Fire/Summ      57%        N/A       10%         4
 Anguish                  Hex/Necr       26%        N/A       12%         4
 Animate Dead             Necr           52%        N/A       12%         4
 Cause Fear               Hex            26%        N/A       12%         4
 Dispel Undead            Necr           52%        3d19      12%         4
 Alistair's Intoxication  Alch           40%        N/A       21%         5
 Arcjolt                  Conj/Air       30%        1d40      21%         5
 Irradiate                Conj/Alch      30%        3d21      21%         5
 Iskenderun's Battlesphe  Conj           61%        2d11      21%         5
 Fireball                 Conj/Fire      28%        3d12      26%         5
 Silence                  Hex/Air        28%        N/A       26%         5
 Summon Mana Viper        Hex/Summ       57%        N/A       26%         5
 Yara's Violent Unravell  Hex/Alch       28%        3d12      26%         5
 Borgnjor's Vile Clutch   Necr/Erth      26%        N/A       32%         5
 Curse of Agony           Necr           52%        N/A       32%         5
 Lee's Rapid Deconstruct  Erth           26%        3d14*     32%         5
 Conjure Ball Lightning   Conj/Air       30%        3x3d10    71%         6
 Summon Cactus Giant      Summ           30%        N/A       71%         6
 Bombard                  Conj/Erth      28%        9d5       80%         6
 Plasma Beam              Fire/Air       28%        2x1d41    80%         6
 Death Channel            Necr           26%        N/A       86%         6
 Disjunction              Tloc           53%        N/A       89%         8
 Monstrous Menagerie      Summ           30%        N/A       99%         7
 Orb of Destruction       Conj           30%        9d10      99%         7
 Spellforged Servitor     Conj/Summ      30%        N/A       99%         7
 Enfeeble                 Hex            26%        N/A       100%        7
 Haunt                    Necr/Summ      28%        N/A       100%        7
 Discord                  Hex            26%        N/A       100%        8
 Ignition                 Fire           26%        3d9       100%        8
 Infestation              Necr           26%        N/A       100%        8
 Lehudib's Crystal Spear  Conj/Erth      28%        10d8      100%        8
 Chain Lightning          Conj/Air       30%        3d40      100%        9
 Dragon's Call            Summ           30%        N/A       100%        9
 Fire Storm               Conj/Fire      28%        8d7       100%        9
 Shatter                  Erth           26%        3d22*     100%        9
 Sublimation of Blood     Necr           Unusable   N/A       N/A         2
 Borgnjor's Revivificati  Necr           Unusable   N/A       N/A         8
 Death's Door             Necr           Unusable   N/A       N/A         9

Dungeon Overview and Level Annotations

Branches:
Dungeon (15/15)            Temple (1/1) D:6            Lair (5/5) D:8
 Shoals (4/4) Lair:3        Snake (4/4) Lair:3        Slime (5/5) Lair:4
    Orc (2/2) D:11            Elf (3/3) Orc:2        Vaults (5/5) D:13
  Crypt (3/3) Vaults:3       Tomb (3/3) Crypt:3      Depths (4/4) D:15
    Zot (5/5) Depths:4      IceCv (visited)          WizLab (visited)
Desolation (visited)

Altars:
Ashenzari
Cheibriados
Dithmenos
Fedhas
Gozag
Hepliaklqana
Kikubaaqudgha
Makhleb
Nemelex Xobeh
Okawaru
Qazlal
Ru
Sif Muna
Trog
Uskayaw
Vehumet
Wu Jian
Xom
Yredelemnul
Jiyva
Lugonu

Shops:
D:15 (   Orc:2 [=:=   Shoals:1 *([*   Snake:1 *=   Snake:4 (   Vaults:5 :
Zot:2 *   Depths:2 (

Portals:
Hell: Depths:1 Depths:2
Abyss: Depths:2
Pandemonium: Depths:2

Annotations:
Shoals:1 Visitors' Centre
Shoals:2 exclusion: door
Elf:1 1 runed translucent door, Futawueh's ghost, adept DjCj
Crypt:3 exclusion: upstairs


Innate Abilities, Weirdness & Mutations

You are immune to poison.
You have sharp fingernails.
Your flesh is cold resistant. (rC+)
You are immune to negative energy. (rN+++)
You do not regenerate when monsters are visible.
You are immune to unholy pain and torment.
You thrive by killing the living.


Message History

Okay, then.
Casting: Blink (safe; 1% risk of failure)
Confirm with . or Enter, or press ? or * to list all spells.
You feel a strong surge of power!
A great freezing vortex appears around you.
You block the Orb Guardian's attack. The Orb Guardian misses you.
You block the Orb Guardian's attack.
The Orb Guardian hits you but does no damage.
You block the Orb Guardian's attack.
The winds around you start to calm down.
You block the Orb Guardian's attack.
You are engulfed in whirling frost.
You block the Orb Guardian's attack. x3
You hit the Orb Guardian but do no damage.
You freeze the Orb Guardian!
The Orb Guardian is severely wounded.
The winds around you calm down. You block the Orb Guardian's attack.
Okay, then.
The Singing Sword hums in delight!
w - the +11 Singing Sword (weapon)
{sonic wave} You block the Orb Guardian's attack.
You slice the Orb Guardian!!
The Orb Guardian is almost dead.
You block the Orb Guardian's attack.
You slice the Orb Guardian!!
You kill the Orb Guardian!
Cheibriados appreciates the change of pace.
You feel better.
The Singing Sword sighs.
You feel stronger.
s - the staff of Yeast (weapon)
{rC+ rCorr Str+3 Ice}
Aiming: Dig
Press: ? - help, Shift-Dir - straight line This square is covered in magical glow.
The rock shatters into small pieces.
There is a staircase leading out of the dungeon here.
The Singing Sword hums in delight!
w - the +11 Singing Sword (weapon)
{sonic wave}
Okay, then.
You have escaped!

..........######.........##......
)########...........####.##..#.#.
.####...........#................
.........[.....#.#..####.###.###.
##.##.#######.#...#.# #.# .. ..
#.## #.#...#.####.######## #.##.#
# ..#.......##......... #.##.#
###.#.#.#####..##########
##.##.##...#..#.@....#...### #
...##.#..##......#....##...# #
#####...#....###........#..# #
#....####......#####...# ###
##......................# #..
####..## #######.########..# #.#
)......# #.# ##..## #.#
...#.#.#########.######..## #.#
###......#..............## #.#


There were no monsters in sight!

Vanquished Creatures
  Cerebov (Pan)
  the Royal Jelly (Slime:5)
  Mnoleg (Pan)
  Gloorx Vloq (Pan)
  Khufu (Tomb:3)
  5 dread liches
  3 ancient liches
  10 orbs of fire
  Mara (Snake:4)
  37 royal mummies
  3 Killer Klowns
  Boris (Tomb:1)
  Vv (Zot:1)
  A curse toe (Crypt:3)
  Vashnia (Snake:3)
  7 pandemonium lords
  12 golden dragons
  Nikola (Snake:3)
  Jory (Vaults:4)
  2 bone dragons
  5 electric golems
  5 Tzitzimimeh
  3 Brimstone Fiends (Pan)
  Jorgrun (Snake:1)
  A Cloud Mage (WizLab)
  2 hellephants
  4 Hell Sentinels
  14 tentacled monstrosities
  4 Ice Fiends
  Mlioglotl (Snake:2)
  3 liches
  3 titans
  Asterion (Snake:1)
  29 Orb Guardians
  An eldritch tentacle (Pan)
  7 quicksilver dragons
  7 ancient champions
  A deep elf blademaster (Elf:3)
  12 death cobs
  19 acid blobs
  7 sphinxes
  A deep elf master archer (Elf:3)
  19 Executioners (Pan)
  4 storm dragons
  7 tentacled starspawn
  9 tengu reavers
  5 demonspawn warmongers (Pan)
  A revenant (Abyss:3)
  The ghost of Tuffe the Warrior, an adept FoFi of Okawaru (Snake:1)
  7 shadow dragons
  13 protean progenitors
  2 narguns (Zig:5)
  9 nagarajas
  A daeva (Pan)
  3 draconian knights
  7 azure jellies
  5 frost giants
  4 draconian monks
  18 rockslimes
  10 vault wardens
  5 deep elf elementalists (Elf:3)
  7 deep elf sorcerers
  An imperial myrmidon (Desolation)
  A fire giant (Vaults:5)
  7 curse skulls
  4 iron dragons
  3 draconian shifters (Zot:2)
  18 balrugs
  6 ghost moths
  3 draconian scorchers
  An emperor scorpion (Zig:11)
  3 draconian annihilators
  3 draconian stormcallers
  31 cacodemons
  5 formless jellyfish
  4 caustic shrike skeletons (Pan)
  9 demonspawn blood saints (Pan)
  3 broodmothers (Zig:11)
  11 ironbound preservers
  6 ironbound thunderhulks
  6 angels
  23 reapers
  10 stone giants
  A spriggan defender (Depths:2)
  8 demonspawn corrupters (Pan)
  25 very ugly things
  4 ophanim (Pan)
  2 ghouls (Crypt:3)
  8 quicksilver oozes
  5 deep elf demonologists
  5 vampire knights
  5 juggernaut skeletons
  An apis (Pan)
  9 purple draconians
  A halazid warlock (Desolation)
  10 black draconians
  4 deep elf death magi
  9 green draconians
  5 dire elephants
  3 demonspawn black suns (Pan)
  11 spark wasps
  6 white draconians
  3 war gargoyles
  5 red draconians
  8 deep elf annihilators
  6 lorocyprocas (Pan)
  10 yellow draconians
  4 eidola
  3 crystal guardians
  12 merfolk javelineers
  20 mummy priests
  12 merfolk impalers
  6 green deaths (Pan)
  15 ettins
  21 blizzard demons
  4 fire dragons
  13 yaktaur captains
  2 entropy weavers (Zig:11)
  A spriggan zombie (Abyss:2)
  3 jiangshi
  6 ragged hierophants (Desolation)
  3 deep elf high priests
  5 servants of whispers (Desolation)
  28 vault guards
  4 ice dragons
  A quicksilver dragon skeleton (Crypt:2)
  5 great orbs of eyes
  9 rakshasas
  7 salamander tyrants
  5 spriggan air magi
  7 ironbound frosthearts
  A ghost crab (WizLab)
  8 peacekeepers
  4 hell beasts
  10 anacondas
  10 ogre magi
  28 centaur warriors
  2 hydras
  3 jorogumos (Pan)
  2 catoblepae
  A spriggan skeleton (Crypt:3)
  6 merfolk aquamancers
  A fenstrider witch skeleton (Abyss:2)
  16 dancing weapons
  3 merfolk avatars
  4 satyrs
  3 sphinx skeletons (Vaults:3)
  An alligator snapping turtle (Shoals:4)
  2 boulder beetles
  26 death scarabs
  5 deep troll shamans
  2 tengu warriors
  27 two-headed ogres
  11 naga warriors
  4 vampire magi
  5 death yaks (Lair:3)
  6 deep troll earth magi
  8 shock serpents
  4 hell hogs
  8 thrashing horrors
  19 soul eaters
  16 naga sharpshooters
  Sonja (Lair:2)
  5 occultists (Depths:2)
  5 spriggan berserkers
  14 deep elf knights
  The ghost of Fildev the Cleaver, a novice HOMo (D:6)
  9 demonic crawlers
  A titan skeleton (Crypt:3)
  41 sun demons
  Amaemon (Lair:3)
  3 hellephant skeletons (Pan)
  A fire crab (Zot:5)
  8 skysharks
  31 skeletal warriors
  10 iron trolls
  3 shadow wraiths
  5 wretched stars
  A pharaoh ant (Zig:11)
  26 shadow demons
  A golden dragon zombie (Vaults:5)
  3 salamander mystics
  A spriggan druid (Zig:3)
  A bunyip zombie (Tomb:2)
  33 sixfirhies
  8 mana vipers
  A spatial maelstrom (Abyss:2)
  17 sea snakes
  2 bog bodies (IceCv)
  7 glowing orange brains
  2 anaconda skeletons
  17 arcanists
  3 obsidian statues (Zig:7)
  4 sun moths
  8 deep elf archers
  A storm dragon skeleton (Crypt:3)
  2 naga ritualists
  54 deep trolls
  2 cherubim (Pan)
  14 phantasmal warriors
  3 flayed ghosts
  24 harpies
  17 ironbound convokers
  2 harpies (shapeshifter)
  A wolf spider zombie (D:13)
  2 orange crystal statues
  4 necromancers
  8 lindwurms
  34 large abominations
  A human zombie (Vaults:5)
  4 orc sorcerers
  37 ugly things
  17 deep elf pyromancers
  3 orc knights
  3 shining eyes
  A will-o-the-wisp (Abyss:2)
  23 deep elf zephyrmancers
  2 wolf spiders (Lair:5)
  A stone giant zombie (Crypt:3)
  6 cyclopes
  13 fauns
  9 merfolk sirens
  17 salamanders
  A worldbinder (Abyss:3)
  15 manticores
  19 moths of wrath
  4 elephants (Lair:2)
  2 naga zombies (Tomb:3)
  12 vault sentinels
  A meliai (Zig:11)
  39 black mambas
  2 stone giant skeletons (Vaults:3)
  An elf zombie (Vaults:2)
  11 centaur zombies
  4 apocalypse crabs (WizLab)
  2 eyes of devastation
  A molten gargoyle (Desolation)
  33 orange demons
  3 gargoyles
  3 kobold blastminers
  2 rust devils
  Joseph (D:8)
  5 guardian serpents
  17 cane toads
  21 water nymphs
  A black draconian zombie (Crypt:1)
  27 smoke demons
  16 naga magi
  An ice statue (IceCv)
  5 unseen horrors
  An eye of devastation (shapeshifter) (Vaults:5)
  6 hellions
  2 torpor snails
  An unseen horror zombie (Crypt:3)
  8 komodo dragons
  A centaur skeleton (Tomb:3)
  17 yaktaurs
  2 ice devils
  15 tormentors
  3 freezing wraiths
  4 tengu conjurers
  2 anaconda simulacra
  4 rime drakes
  An unseen horror skeleton (Crypt:1)
  9 efreet
  A harpy zombie (Tomb:1)
  A golden dragon simulacrum (Depths:2)
  13 hellwings
  6 red devils
  A silent spectre (Abyss:3)
  6 ancient zymes
  6 hornets
  2 burning bushes (Lair:4)
  2 yaktaur skeletons (Vaults:3)
  35 guardian mummies
  2 trolls
  12 wind drakes
  41 merfolk
  3 tarantellas (Zig:11)
  Grinder (D:3)
  2 harpy skeletons
  A fire dragon zombie (Crypt:1)
  48 saltlings (Desolation)
  A tengu simulacrum (Tomb:3)
  3 dream sheep (Shoals:4)
  7 raiju
  Prince Ribbit (D:8)
  29 blink frogs
  4 meliai zombies (D:13)
  A snapping turtle (shapeshifter) (D:15)
  8 glass eyes
  76 slime creatures
  6 snapping turtles
  24 ynoxinuls
  8 wraiths
  14 air elementals
  A jumping spider (Zig:11)
  4 shadows
  An ettin skeleton (Crypt:3)
  6 vampires
  26 water elementals
  2 spriggans (Depths:4)
  33 yaks
  19 starcursed masses
  17 wyverns
  5 fire elementals
  12 golden eyes
  7 basilisks
  29 neqoxecs
  2 elf skeletons (Vaults:3)
  A steam dragon (Lair:2)
  2 wargs (Orc:2)
  32 ushabtiu
  A tyrant leech zombie (Crypt:3)
  3 redbacks
  5 vampire mosquitoes
  A death yak simulacrum (IceCv)
  27 chaos spawn
  3 spatial vortices (Abyss:2)
  3 harpy simulacra
  15 small abominations
  42 nagas
  2 hydra simulacra (IceCv)
  2 glowing shapeshifter zombies
  3 two-headed ogre zombies (D:11)
  5 human skeletons
  An acid dragon (D:10)
  A two-headed ogre skeleton (Crypt:3)
  26 water moccasins
  A deep troll skeleton (Crypt:1)
  A swamp drake (shapeshifter) (Vaults:5)
  3 ice beasts
  17 orc warriors
  5 sky beasts
  14 laughing skulls
  6 boggarts
  A tengu (shapeshifter) (Zig:7)
  31 ogres
  13 wolves
  12 centaurs
  5 weeping skulls (Abyss:3)
  2 phantoms
  An elf simulacrum (Vaults:5)
  2 kobold brigands
  8 brain worms
  12 bullfrogs
  2 earth elementals
  4 gnoll sergeants
  A necrophage (Crypt:3)
  3 two-headed ogre simulacra (IceCv)
  4 scorpions
  A scorpion (shapeshifter) (D:13)
  6 cane toad simulacra (IceCv)
  13 wights
  3 elephant simulacra (IceCv)
  2 human simulacra (Vaults:2)
  3 killer bees (D:9)
  A water moccasin skeleton (Crypt:2)
  A wolf zombie (Crypt:2)
  3 howler monkeys (D:9)
  2 bombardier beetles
  4 quasits
  17 orc priests
  3 hounds
  2 iron imps (Abyss:2)
  A black bear skeleton (Crypt:1)
  5 iguanas
  A boggart zombie (D:13)
  17 orc wizards
  A polar bear simulacrum (IceCv)
  5 spriggan simulacra (IceCv)
  6 troll simulacra (IceCv)
  2 wolf simulacra (IceCv)
  A crocodile zombie (Crypt:1)
  A tengu zombie (Crypt:1)
  5 ogre zombies (D:11)
  An acid dragon skeleton (Crypt:2)
  48 mummies
  24 gnolls
  6 adders
  6 naga simulacra (IceCv)
  2 shadow imps (D:5)
  9 white imps
  10 ufetubi
  2 ribbon worms
  4 dart slugs
  73 orcs
  9 ball pythons
  5 bats
  5 endoplasms
  A giant cockroach (D:2)
  4 gnoll zombies (D:11)
  11 goblins
  5 hobgoblins
  11 kobolds
  6 quokkas
  8 frilled lizards
  4 gnoll skeletons (D:11)
  A hobgoblin zombie (Crypt:3)
  A jackal zombie (Crypt:1)
  4 orc skeletons
  13 orc zombies (D:11)
  2 rats
  30 aspiring fleshes
  39 ball lightnings (Pan)
  24 fire vortices (Pan)
  4 spectral weapons (Snake:1)
  5 starspawn tentacles
3352 creatures vanquished.

Vanquished Creatures (collateral kills)
  Frederick (Vaults:2)
  Zenata (Vaults:4)
  A deep elf blademaster (Elf:3)
  A deep elf master archer (Elf:3)
  A sphinx (Vaults:3)
  A demonspawn warmonger (Pan)
  2 deep elf sorcerers (Elf:3)
  A vault warden (Vaults:4)
  2 imperial myrmidons (Desolation)
  2 deep elf elementalists (Elf:3)
  A reaper (Pan)
  2 quicksilver oozes (Slime:5)
  A formless jellyfish (Vaults:3)
  An ironbound thunderhulk (Vaults:4)
  6 ironbound preservers
  3 deep elf death magi (Elf:3)
  2 deep elf annihilators (Elf:3)
  3 dire elephants
  A deep elf demonologist (Elf:3)
  2 ragged hierophants (Desolation)
  A merfolk javelineer (Shoals:4)
  A deep elf high priest (Elf:3)
  A vault guard (Vaults:2)
  A great orb of eyes (Slime:5)
  A peacekeeper (Vaults:4)
  An anaconda (Snake:1)
  An ironbound frostheart (Vaults:2)
  2 centaur warriors (Vaults:2)
  A naga sharpshooter (Snake:4)
  A shock serpent (Snake:1)
  14 deep trolls
  A deep elf archer (Elf:3)
  2 deep elf zephyrmancers (Elf:1)
  A harpy (Shoals:1)
  A necromancer (Vaults:2)
  A deep elf pyromancer (Elf:1)
  5 ugly things
  2 naga magi (Snake:4)
  A guardian serpent (Desolation)
  4 slime creatures
  3 vault sentinels
  An ice devil (Pan)
  9 yaktaurs
  8 saltlings (Desolation)
  A water elemental (Shoals:4)
  2 human zombies (Vaults:2)
102 creatures vanquished.

Vanquished Creatures (others)
  A lich (Pan)
  2 nagarajas (Pan)
  A ghost moth (Zig:11)
  A deep elf annihilator (Pan)
  A lorocyproca (Pan)
  A blizzard demon (Pan)
  2 green deaths (Pan)
  A merfolk aquamancer (Pan)
  A shock serpent (Snake:1)
  A shadow wraith (D:13)
  A sixfirhy (Pan)
  A large abomination (Pan)
  2 ugly things
  A manticore (Shoals:1)
  A smoke demon (Pan)
  An orange demon (D:2)
  An efreet (D:13)
  2 polar bears (Lair:4)
  An air elemental (WizLab)
  A ynoxinul (Pan)
  A chaos spawn (Pan)
  A death yak simulacrum (IceCv)
  A vampire mosquito (D:13)
  An ogre (Orc:2)
  A brain worm (Pan)
  A two-headed ogre simulacrum (IceCv)
  An electric eel (D:14)
  An ufetubus (IceCv)
  20 ball lightnings (Pan)
  5 foxfires (Abyss:2)
  9 starspawn tentacles
66 creatures vanquished.

Grand Total: 3520 creatures vanquished

Notes
Turn   | Place    | Note
-------+----------+-------------------------------------------
     0 | D:1      | RepoMan the Ghoul Warper began the quest for the Orb.
     0 | D:1      | Reached XP level 1. HP: 17/17 MP: 3/3
    40 | D:1      | Reached skill level 1 in Throwing
    84 | D:1      | Reached XP level 2. HP: 24/24 MP: 4/4
   226 | D:1      | Learned a level 2 spell: Blink
   229 | D:1      | Learned a level 2 spell: Lesser Beckoning
   404 | D:1      | Found a faded altar of an unknown god.
   550 | D:2      | Reached XP level 3. HP: 29/29 MP: 5/5
   893 | D:2      | Reached XP level 4. HP: 36/36 MP: 6/6
  1154 | D:3      | Noticed Grinder
  1195 | D:3      | Noticed a scorpion
  1203 | D:3      | Killed a scorpion
  1204 | D:3      | Reached skill level 5 in Unarmed Combat
  1204 | D:3      | Reached XP level 5. HP: 37/41 MP: 6/8
  1344 | D:4      | Found a shadowy altar of Dithmenos.
  1509 | D:4      | Found an opulent altar of Gozag.
  1549 | D:4      | Found a basalt altar of Yredelemnul.
  1581 | D:4      | Found a stormy altar of Qazlal.
  1634 | D:4      | Found a shimmering altar of Xom.
  1827 | D:5      | Entered Level 5 of the Dungeon
  1976 | D:5      | Found a transporter.
  1994 | D:5      | Reached XP level 6. HP: 31/48 MP: 7/9
  2024 | D:5      | Found a transporter.
  2196 | D:5      | Noticed an ice beast
  2218 | D:5      | Killed an ice beast
  2219 | D:5      | Reached XP level 7. HP: 44/56 MP: 10/10
  2686 | D:6      | Reached skill level 1 in Armour
  2829 | D:6      | Found a transporter.
  2857 | D:6      | Noticed Fildev's ghost (novice HOMo)
  2864 | D:6      | Found a transporter.
  2927 | D:6      | Reached XP level 8. HP: 46/66 MP: 11/11
  2988 | D:6      | Found a staircase to the Ecumenical Temple.
  3028 | Temple   | Entered the Ecumenical Temple
  3541 | D:7      | Found a sacrificial altar of Ru.
  3723 | D:7      | Reached skill level 5 in Fighting
  3723 | D:7      | Reached XP level 9. HP: 74/74 MP: 12/12
  3777 | D:7      | Reached skill level 1 in Shields
  3781 | D:7      | Found an ornate altar of the Wu Jian Council.
  4012 | D:7      | Reached skill level 5 in Translocations
  4042 | D:7      | Found a snail-covered altar of Cheibriados.
  4083 | D:7      | Became a worshipper of Cheibriados the Contemplative
  4144 | D:8      | Noticed Joseph
  4280 | D:8      | Noticed Prince Ribbit
  4286 | D:8      | Killed Prince Ribbit
  4287 | D:8      | Reached skill level 10 in Unarmed Combat
  4776 | D:9      | Reached * piety under Cheibriados
  4780 | D:9      | Noticed a hornet
  4790 | D:9      | Killed a hornet
  5279 | D:8      | Reached XP level 10. HP: 84/84 MP: 13/13
  5367 | D:9      | Found an iron altar of Okawaru.
  5595 | D:10     | Entered Level 10 of the Dungeon
  5767 | D:10     | Found an ancient bone altar of Kikubaaqudgha.
  5772 | D:10     | Found a shimmering blue altar of Sif Muna.
  5773 | D:10     | Found a radiant altar of Vehumet.
  5776 | D:10     | Got Kikubaaqudgha's Guide on the Morgue
  5849 | D:10     | Reached ** piety under Cheibriados
  5998 | D:10     | Identified the +4 ring mail of Midnight {rF++ Str+3 Stlth-}
  6085 | D:11     | Noticed a two-headed ogre
  6971 | D:8      | Found a staircase to the Lair.
  7087 | Lair:1   | Entered Level 1 of the Lair of Beasts
  7163 | Lair:1   | Noticed a cane toad
  7169 | Lair:1   | Killed a cane toad
  7170 | Lair:1   | Reached skill level 5 in Shields
  7200 | Lair:1   | Noticed a black mamba
  7216 | Lair:1   | Reached *** piety under Cheibriados
  7313 | Lair:1   | Reached XP level 11. HP: 93/94 MP: 14/14
  7492 | Lair:1   | Reached **** piety under Cheibriados
  7540 | Lair:1   | Learned a level 3 spell: Teleport Other
  7545 | Lair:1   | Learned a level 4 spell: Manifold Assault
  7872 | Lair:1   | Reached skill level 10 in Fighting
  8023 | Lair:2   | Reached skill level 1 in Invocations
  8127 | Lair:2   | Noticed Sonja
  8137 | Lair:2   | Killed Sonja
  8138 | Lair:2   | Reached skill level 2 in Invocations
  8162 | Lair:2   | Reached XP level 12. HP: 91/107 MP: 15/15
  8166 | Lair:2   | Reached skill level 3 in Invocations
  8186 | Lair:2   | Reached ***** piety under Cheibriados
  8293 | Lair:2   | Reached skill level 4 in Invocations
  8648 | Lair:3   | Found a staircase to the Shoals.
  8659 | Lair:3   | Noticed a seven-headed hydra
  8663 | Lair:3   | Killed a seven-headed hydra
  8664 | Lair:3   | Reached skill level 5 in Invocations
  8677 | Lair:3   | Noticed Amaemon
  8699 | Lair:3   | Killed Amaemon
  8785 | Lair:3   | Found a staircase to the Snake Pit.
  8837 | Lair:3   | Noticed a death yak
  8837 | Lair:3   | Noticed a death yak
  8838 | Lair:3   | Noticed a death yak
  8838 | Lair:3   | Noticed a death yak
  8840 | Lair:3   | Noticed a death yak
  8844 | Lair:3   | Killed a death yak
  8844 | Lair:3   | Killed a death yak
  8844 | Lair:3   | Killed a death yak
  8844 | Lair:3   | Killed a death yak
  8845 | Lair:3   | Reached skill level 6 in Invocations
  8853 | Lair:3   | Killed a death yak
  8901 | Lair:3   | Noticed a catoblepas
  8911 | Lair:3   | Killed a catoblepas
  8964 | Lair:3   | Reached skill level 7 in Invocations
  8978 | Lair:3   | Reached XP level 13. HP: 101/116 MP: 18/18
  9225 | Lair:4   | Reached skill level 8 in Invocations
  9304 | Lair:4   | Found a frozen archway.
  9312 | Lair:4   | Noticed an ice dragon
  9337 | Lair:4   | Killed an ice dragon
  9370 | IceCv    | Entered an ice cave
  9814 | IceCv    | Reached skill level 9 in Invocations
 10076 | Lair:4   | Found a viscous altar of Jiyva.
 10076 | Lair:4   | Found a staircase to the Slime Pits.
 10123 | Lair:4   | Reached skill level 1 in Evocations
 10537 | Lair:5   | Entered Level 5 of the Lair of Beasts
 10600 | Lair:4   | Reached ****** piety under Cheibriados
 10847 | Lair:5   | Reached XP level 14. HP: 119/127 MP: 21/21
 10870 | Lair:5   | Reached skill level 15 in Unarmed Combat
 11853 | D:8      | Killed Joseph
 11972 | D:6      | Killed Fildev's ghost
 12201 | D:3      | Killed Grinder
 12737 | D:11     | Reached skill level 5 in Armour
 12854 | D:11     | Reached skill level 10 in Invocations
 12928 | D:11     | Reached skill level 10 in Shields
 13394 | D:11     | Found a staircase to the Orcish Mines.
 13484 | Orc:1    | Entered Level 1 of the Orcish Mines
 13812 | Orc:2    | Entered Level 2 of the Orcish Mines
 13839 | Orc:2    | Found a staircase to the Elven Halls.
 13984 | Orc:2    | Paralysed by an ogre mage for 3 turns
 14038 | Orc:2    | Reached XP level 15. HP: 87/136 MP: 0/22
 14237 | Orc:2    | Reached skill level 5 in Dodging
 14515 | Orc:2    | Found Tuen's Jewellery Emporium.
 14515 | Orc:2    | Found Solejala's Antique Armour Boutique.
 14517 | Orc:2    | Found Nurevaz's Jewellery Shop.
 14517 | Orc:2    | Found Dileetes's Book Emporium.
 14534 | Orc:2    | Bought a translucent scale mail for 324 gold pieces
 14534 | Orc:2    | Identified the +1 scale mail of Liberty {Will- rCorr Int+3}
                  | (You bought it in a shop on level 2 of the Orcish Mines)
 15144 | Orc:2    | Bought a manual of Armour for 880 gold pieces
 15144 | Orc:2    | Bought Sif Muna's Almanac of the Liminal Mob for 462 gold
                  | pieces
 15144 | Orc:2    | Bought a book of Party Tricks for 242 gold pieces
 15146 | Orc:2    | Learned a level 1 spell: Apportation
 15150 | Orc:2    | Learned a level 3 spell: Summon Ice Beast
 15240 | D:12     | You fall into a shaft and drop 3 floors!
 15240 | D:15     | Entered Level 15 of the Dungeon
 15359 | D:14     | Reached skill level 11 in Invocations
 15672 | D:14     | Reached skill level 1 in Ice Magic
 16996 | D:12     | Reached skill level 1 in Summonings
 17484 | D:13     | Reached skill level 12 in Invocations
 17631 | D:13     | Found a gate to the Vaults.
 17929 | D:14     | Noticed a frost giant
 17930 | D:14     | Reached XP level 16. HP: 137/145 MP: 15/25
 17936 | D:14     | Reached skill level 13 in Invocations
 17944 | D:14     | Noticed a sphinx
 18026 | D:15     | Found Ociegipt's Antique Weapon Shoppe.
 18612 | D:15     | Reached skill level 5 in Ice Magic
 18776 | D:15     | Found a staircase to the Depths.
 18792 | D:15     | Learned a level 3 spell: Ozocubu's Armour
 18984 | Snake:1  | Entered Level 1 of the Snake Pit
 18984 | Snake:1  | Noticed Asterion
 19262 | Snake:2  | Reached skill level 1 in Air Magic
 19377 | Snake:2  | Noticed Mlioglotl
 19395 | Snake:2  | Killed Mlioglotl
 19524 | Snake:1  | Noticed Jorgrun
 19771 | Snake:2  | Found a snail-covered altar of Cheibriados.
 20708 | Snake:3  | Noticed Vashnia
 20749 | Snake:3  | Killed Vashnia
 20882 | Snake:3  | Noticed a nagaraja
 20894 | Snake:3  | Killed a nagaraja
 20895 | Snake:3  | Reached XP level 17. HP: 135/154 MP: 18/26
 21178 | Snake:3  | Noticed Nikola
 21445 | Snake:1  | Found a transporter.
 21445 | Snake:1  | Noticed Tuffe's ghost (adept FoFi)
 21464 | Snake:1  | Found a transporter.
 21607 | Snake:1  | Found Itizih's Assorted Antiques.
 21610 | Snake:1  | Bought 2 bubbling cyan potions for 72 gold pieces
 21610 | Snake:1  | Bought a potion of curing for 120 gold pieces
 21706 | Snake:1  | Killed Asterion
 21940 | Snake:1  | Killed Jorgrun
 22053 | Snake:1  | Found Togouc's One-of-a-Kind Rings.
 22212 | Shoals:1 | Entered Level 1 of the Shoals
 22443 | Shoals:1 | Reached skill level 15 in Fighting
 22655 | Shoals:1 | Learned a level 4 spell: Vhi's Electric Charge
 22696 | Shoals:1 | Found Ciryrot's Visitors' Centre.
 22810 | Shoals:1 | Found Ciryrot's Merfolk Armours.
 22810 | Shoals:1 | Found Ciryrot's Merfolk Weapons.
 22810 | Shoals:1 | Found Ciryrot's Merfolk Magic.
 23429 | Orc:2    | Bought the ring of the Mage {Wiz Archmagi} for 765 gold
                  | pieces
 23429 | Orc:2    | Found the ring of the Mage {Wiz Archmagi}
 24336 | Shoals:2 | Reached XP level 18. HP: 121/163 MP: 2/28
 24427 | Shoals:2 | Identified the +8 plate armour "Hahit" {Str+2 Int+2}
 24550 | Shoals:2 | Identified the amulet of Suspicion {Faith Harm rPois Str+6
                  | SInv}
 24616 | Shoals:2 | Identified the ring of Moderation {rF- Will+ Int+3 Dex+6
                  | Stlth+}
 25240 | Shoals:3 | Reached skill level 10 in Armour
 25547 | Shoals:4 | Entered Level 4 of the Shoals
 26212 | Shoals:4 | Paralysed by an air elemental for 1 turns
 26594 | Shoals:4 | Found a blossoming altar of Fedhas.
 27108 | Shoals:4 | Found a stormy altar of Qazlal.
 27444 | Shoals:4 | Paralysed by an air elemental for 1 turns
 27552 | Shoals:4 | Learned a level 5 spell: Freezing Cloud
 27565 | Shoals:4 | Identified the +7 spear "Setuonwuh" {holy, rF+}
 27740 | Shoals:4 | Paralysed by an air elemental for 1 turns
 27960 | Shoals:4 | Reached skill level 1 in Conjurations
 28322 | Shoals:4 | Identified the +12 hand axe "Dompophe" {drain, ^Fragile
                  | rC+++ Str+6 Int+3}
 28625 | Shoals:4 | Reached XP level 19. HP: 146/172 MP: 7/29
 28989 | Shoals:4 | Reached skill level 10 in Ice Magic
 29069 | Shoals:4 | Got a barnacled rune of Zot
 29252 | Snake:3  | Killed Nikola
 29754 | Snake:4  | Entered Level 4 of the Snake Pit
 30201 | Snake:4  | Noticed Mara
 30222 | Snake:4  | Killed Mara
 30454 | Snake:4  | Found Rius's Antique Weapon Emporium.
 30779 | Snake:4  | Reached skill level 5 in Spellcasting
 31916 | Snake:4  | Got a serpentine rune of Zot
 32077 | Shoals:1 | Bought a scroll of teleportation for 300 gold pieces
 32306 | Vaults:1 | Entered Level 1 of the Vaults
 32883 | Vaults:1 | Found a flickering gateway to a bazaar.
 32979 | Bazaar   | Entered a bazaar
 32979 | Bazaar   | Found Siphimotz's Jewellery Emporium.
 32979 | Bazaar   | Found Lyn Siol's Distillery.
 32983 | Bazaar   | Found Mirchoup's Jewellery Emporium.
 33000 | Bazaar   | Found Ariloit's Antique Armour Boutique.
 33018 | Bazaar   | Found Jedghesi's Magic Scroll Shoppe.
 33088 | Bazaar   | Bought a scroll of teleportation for 21 gold pieces
 33088 | Bazaar   | Bought 3 scrolls of blinking for 157 gold pieces
 33288 | Vaults:1 | Learned a level 6 spell: Sculpt Simulacrum
 33546 | Vaults:1 | Reached skill level 1 in Alchemy
 33739 | Vaults:1 | Reached XP level 20. HP: 182/182 MP: 13/30
 34791 | Vaults:2 | Identified the orb "Rolo" {*channel, rN+ Int+3}
 34791 | Vaults:2 | Noticed Frederick
 34803 | Vaults:2 | Killed Frederick
 35188 | Vaults:2 | Noticed Bai Suzhen
 35198 | Vaults:2 | Bai Suzhen changed into Bai Suzhen the acid blob
 35198 | Vaults:2 | Noticed Bai Suzhen
 35340 | Vaults:2 | Killed Bai Suzhen the acid blob
 36388 | Vaults:3 | Identified the +5 chain mail of Miracles {-Cast rCorr
                  | Slay+3}
 36900 | Vaults:3 | Reached XP level 21. HP: 138/192 MP: 12/32
 37644 | Vaults:3 | Reached skill level 15 in Ice Magic
 37720 | Vaults:3 | Found a staircase to the Crypt.
 38268 | Vaults:4 | Noticed Jory
 38293 | Vaults:4 | Killed Jory
 38489 | Vaults:4 | Noticed Zenata
 38499 | Vaults:4 | Killed Zenata
 39166 | Vaults:4 | Identified a scroll of acquirement
 39174 | Vaults:4 | Acquired the Compendium of Nocuous Congelation
 39420 | Elf:1    | Entered Level 1 of the Elven Halls
 39911 | Elf:1    | Found a runed translucent door.
 39912 | Elf:1    | Found a shimmering altar of Xom.
 39912 | Elf:1    | Noticed Futawueh's ghost (adept DjCj)
 40481 | Elf:2    | Found a huge runed translucent gate.
 40481 | Elf:2    | Found a huge runed translucent gate.
 40481 | Elf:2    | Found a huge runed translucent gate.
 40481 | Elf:2    | Found a huge runed translucent gate.
 40481 | Elf:2    | Found a huge runed translucent gate.
 40542 | Elf:2    | Found a crumbling gateway.
 40686 | Desolati | Entered the Desolation of Salt
 40978 | Desolati | Reached XP level 22. HP: 202/202 MP: 34/34
 41343 | Desolati | Got the Reference Book on Cursed Fire
 41537 | Desolati | Got the Codex of the Ill-fated Graveyard
 41538 | Desolati | Identified the amulet "Foecous" {RegenMP *Corrode +Blink
                  | rC+ Dex+4}
 41539 | Desolati | Identified the +0 scale mail of Fedhas's Inspiration {rC-
                  | Int+7 Slay+6}
 41543 | Desolati | Identified the ring of Cescheav {Wiz rC- Will+ Str+8}
 41935 | Desolati | Found the +7 hand cannon "Mule" {flame, backblast, rF+}
 41965 | Desolati | Identified the amulet "Hilupe" {Regen+ Slay+2}
 41972 | Desolati | Identified the +1 great sword of Kuryzxa {heavy, *Slow
                  | rElec rC+ Str+2}
 41973 | Desolati | Identified the ring "Namateuc" {rC+ Int+6}
 42211 | Desolati | Learned a level 9 spell: Polar Vortex
 42705 | Elf:3    | Entered Level 3 of the Elven Halls
 43210 | Elf:3    | Identified the +8 broad axe "Gaovo" {heavy, *Rage +Blink
                  | Int+3 Stlth+}
 43227 | Elf:3    | Identified the +5 glaive of Causality {holy, *Corrode Fly
                  | rN++ MP+9}
 43428 | Elf:3    | Identified the staff of Egrouq {+Blink rC- Conj Tloc Fire}
 43498 | Elf:3    | Identified the +6 chain mail of the Eight Nights {-Tele
                  | rPois rN+ Str+7}
 43997 | Elf:3    | Identified the staff "Eddudgh" {^Contam rPois rN+ Dex+6
                  | Necro Alchemy}
 44033 | Elf:3    | Identified the staff of Xom, Telling {rN+ Int+4 Necro
                  | Alchemy}
 44061 | Elf:3    | Got Nemug's Folio of Fuming Outbursts
 44334 | Snake:1  | Bought the ring "Plog" {Fly Will+ rCorr Str+3 Int+7} for
                  | 1002 gold pieces
 44462 | Shoals:1 | Bought a wand of light (2) for 134 gold pieces
 44790 | Crypt:1  | Entered Level 1 of the Crypt
 45024 | Crypt:1  | Found a magical portal.
 45030 | WizLab   | Entered The Chambers of the Cloud Mage
 45569 | WizLab   | Paralysed by an air elemental for 1 turns
 45683 | WizLab   | Reached XP level 23. HP: 156/211 MP: 14/36
 45879 | WizLab   | Identified the ring "Ivauclots" {Fly rElec Dex+2}
 45887 | WizLab   | Acquired 721 gold pieces
 45896 | WizLab   | Got the Spellbook of Fumes
 46013 | Crypt:3  | Entered Level 3 of the Crypt
 46013 | Crypt:3  | Found an ancient bone altar of Kikubaaqudgha.
 46150 | Crypt:3  | Noticed an ancient lich
 46159 | Crypt:3  | Killed an ancient lich
 46519 | Crypt:3  | Noticed an ancient lich
 46520 | Crypt:3  | Identified the ring "Ingitie" {rC+ rN+ Dex+7}
 46521 | Crypt:3  | Identified the ring "Besyokk" {rN+ Dex+4}
 46522 | Crypt:3  | Identified the ring "Xout" {*Slow rElec rPois rN+ Dex-4}
 46529 | Crypt:3  | Noticed an ancient lich
 46534 | Crypt:3  | Got the Secrets of the Dead
 46600 | Crypt:3  | Noticed a curse toe
 46609 | Crypt:3  | Killed a curse toe
 46689 | Crypt:3  | Got an ivory gem with 536 turns to spare
 47156 | Shoals:1 | Bought the +1 pair of gloves of Jimeoz {rF++ Str+5} for 801
                  | gold pieces
 47156 | Shoals:1 | Bought a scarf of resistance for 576 gold pieces
 47301 | Slime:1  | Entered Level 1 of the Pits of Slime
 48082 | Slime:5  | Entered Level 5 of the Pits of Slime
 48321 | Slime:5  | Noticed the Royal Jelly
 48551 | Slime:5  | Killed the Royal Jelly
 48775 | Slime:5  | Found the +8 autumn katana {manifold assault}
 48780 | Slime:5  | Identified the amulet "Haisefai" {Spirit Stlth+}
 48789 | Slime:5  | Identified the ring of Deiphuor {MP+9 Int+6 Dex+2 Stlth+}
 48804 | Slime:5  | Identified the +3 leather armour of Sandy Music {+Blink
                  | rElec rC-}
 48815 | Slime:5  | Identified the +7 sling of Hukhlon {heavy, *Slow rElec
                  | rPois Int+6}
 48820 | Slime:5  | Identified the staff of Yeast {rC+ rCorr Str+3 Ice}
 48823 | Slime:5  | Identified the ring "Voang" {Ice ^Drain +Blink rPois SInv}
 48831 | Slime:5  | Identified the +2 robe "Bucy" {Int+3}
 48838 | Slime:5  | Got a slimy rune of Zot
 48846 | Slime:5  | Identified the ring of Daffodils {rPois rN+ Int+7}
 48873 | Slime:5  | Identified the staff of the Skies Above {rElec rPois Stlth+
                  | Conj Summ Alchemy}
 48874 | Slime:5  | Identified the amulet "Utovu" {Acrobat rElec Regen+ rCorr
                  | Str-2}
 48887 | Slime:5  | Identified the +4 longbow of the Postmodern Lies {heavy,
                  | rPois rF- rCorr Dex+4}
 49056 | Lair:4   | Learned a level 7 spell: Ozocubu's Refrigeration
 49304 | Depths:1 | Entered Level 1 of the Depths
 49368 | Depths:1 | Reached XP level 24. HP: 217/218 MP: 22/36
 49870 | Vaults:5 | Entered Level 5 of the Vaults
 49870 | Vaults:5 | Noticed a dread lich
 49874 | Vaults:5 | Reached skill level 15 in Shields
 49876 | Vaults:5 | Killed a dread lich
 50008 | Vaults:5 | Noticed a dread lich
 50016 | Vaults:5 | Identified the +8 halberd of the Conjuring Bear {drain, rF+
                  | rC+ rN+}
 50201 | Vaults:4 | Killed a dread lich
 50282 | Vaults:5 | Identified the ring of Geathrioq {Fire Will++}
 50473 | Vaults:5 | Reached skill level 1 in Staves
 50587 | Vaults:5 | Identified the +0 leather armour of the Barracuda {rF+
                  | Will+}
 50710 | Vaults:5 | Found Azimah's Book Emporium.
 50722 | Vaults:5 | Identified the +2 leather armour of Ynoyh {rPois rF+}
 50723 | Vaults:5 | Identified the +9 short sword of the Onslaught {flame,
                  | SInv}
 50724 | Vaults:5 | Identified the +4 spear of Harmony {freeze, Dex+5}
 50727 | Vaults:5 | Identified the staff of Flawed Execution {rElec rC+ Ice}
 50796 | Vaults:5 | Identified the staff of Proximity {rF+ rN+ Dex+2 Necro
                  | Earth}
 50979 | Vaults:5 | Got a silver rune of Zot
 51278 | Depths:1 | Reached XP level 25. HP: 226/226 MP: 34/36
 51344 | Depths:1 | Found a one-way gateway to a ziggurat.
 51355 | Depths:1 | Reached skill level 14 in Invocations
 51360 | Depths:1 | Reached skill level 10 in Spellcasting
 51485 | Zig:1    | Entered Level 1 of a ziggurat
 51524 | Zig:2    | Entered Level 2 of a ziggurat
 51582 | Zig:3    | Entered Level 3 of a ziggurat
 51585 | Zig:3    | Found the +3 pair of mountain boots {steadfast, rC+}
 51621 | Zig:4    | Entered Level 4 of a ziggurat
 51624 | Zig:4    | Noticed Xaath the pandemonium lord
 51630 | Zig:4    | Killed Xaath the pandemonium lord
 51645 | Zig:5    | Entered Level 5 of a ziggurat
 51674 | Zig:6    | Entered Level 6 of a ziggurat
 51679 | Zig:6    | Noticed Vanonk the pandemonium lord
 51684 | Zig:6    | Identified the +0 tower shield of Riguqie {Int+3}
 51697 | Zig:6    | Killed Vanonk the pandemonium lord
 51698 | Zig:6    | Reached skill level 5 in Staves
 51712 | Zig:6    | Identified the amulet "Xionaop" {Faith Dex+7}
 51817 | Zig:7    | Entered Level 7 of a ziggurat
 51928 | Zig:8    | Entered Level 8 of a ziggurat
 51946 | Zig:8    | Identified the +2 ring mail of Piqoyroh {Str+5}
 51954 | Zig:8    | Identified the +3 scale mail "Yruk" {Rampage rElec Int+3}
 51969 | Zig:9    | Entered Level 9 of a ziggurat
 51997 | Zig:9    | Identified the +11 scimitar "Arud" {pain, rPois Str+6 SInv}
 52012 | Zig:9    | Identified the ring "Waogoguh" {Will+ Str+6}
 52023 | Zig:10   | Entered Level 10 of a ziggurat
 52029 | Zig:10   | Noticed a dread lich
 52029 | Zig:10   | Noticed an ancient lich
 52030 | Zig:10   | Noticed a dread lich
 52036 | Zig:10   | Reached skill level 15 in Invocations
 52037 | Zig:10   | Killed an ancient lich
 52037 | Zig:10   | Killed a dread lich
 52043 | Zig:10   | Killed a dread lich
 52066 | Zig:10   | Identified the +0 halberd "Giuc" {drain, Int+3 Dex+4}
 52072 | Zig:10   | Identified the +4 flail of Anul {spect, rF+ Str+3 Dex-2
                  | Stlth+}
 52089 | Zig:11   | Entered Level 11 of a ziggurat
 52129 | Zig:11   | Identified the +4 long sword "Jidaczokh" {heavy, Int+3
                  | Dex+5}
 52131 | Zig:11   | Identified the +4 scale mail "Daoluohu" {Stlth+}
 52136 | Zig:11   | Identified the ring "Tuovilai" {rCorr EV+5}
 52151 | Zig:11   | Reached XP level 26. HP: 237/237 MP: 16/37
 52332 | Depths:1 | Found a bloodstained altar of Trog.
 52431 | Depths:1 | Found a gateway to Hell.
 52556 | Depths:2 | Found Gunleut's Antique Weapon Emporium.
 52733 | Depths:2 | Reached XP level 27. HP: 244/244 MP: 12/38
 52733 | Depths:2 | Found a flickering gateway to a bazaar.
 52738 | Depths:2 | Found a one-way gate to the infinite horrors of the Abyss.
 52757 | Bazaar   | Entered a bazaar
 52770 | Bazaar   | Found Meithrif's Magic Scroll Shoppe.
 52770 | Bazaar   | Found Byis's Distillery.
 52850 | Bazaar   | Bought a potion of cancellation for 144 gold pieces
 52850 | Bazaar   | Bought a potion of brilliance for 72 gold pieces
 52850 | Bazaar   | Bought a potion of heal wounds for 90 gold pieces
 52850 | Bazaar   | Bought a potion of invisibility for 144 gold pieces
 52850 | Bazaar   | Bought a potion of invisibility for 144 gold pieces
 52850 | Bazaar   | Bought a potion of heal wounds for 90 gold pieces
 52858 | Bazaar   | Bought a scroll of enchant armour for 60 gold pieces
 52858 | Bazaar   | Bought a scroll of enchant armour for 60 gold pieces
 52858 | Bazaar   | Bought a scroll of teleportation for 24 gold pieces
 52905 | Depths:2 | Learned a level 4 spell: Passage of Golubria
 52959 | Depths:2 | Identified the +1 scale mail "Ulyitiro" {*Corrode Dex+4}
 52987 | Depths:2 | Found a one-way gate leading to the halls of Pandemonium.
 53012 | Pan      | Entered Pandemonium
 53177 | Depths:2 | Escaped Pandemonium
 53269 | Pan      | Entered Pandemonium
 53416 | Pan      | Noticed Azer the pandemonium lord
 53447 | Pan      | Killed Azer the pandemonium lord
 53894 | Pan      | Noticed Qoazat the pandemonium lord
 53940 | Pan      | Reached skill level 16 in Invocations
 54393 | Pan      | Killed Qoazat the pandemonium lord
 54439 | Pan      | Got a demonic rune of Zot
 54447 | Pan      | Entered the realm of Gloorx Vloq.
 55044 | Pan      | Noticed Gloorx Vloq
 55054 | Pan      | Reached skill level 15 in Armour
 55055 | Pan      | Killed Gloorx Vloq
 55218 | Pan      | Got a dark rune of Zot
 55644 | Pan      | Noticed Enget the pandemonium lord
 55655 | Pan      | Killed Enget the pandemonium lord
 55669 | Pan      | Entered the realm of Cerebov.
 55671 | Pan      | Got a fiery rune of Zot
 55671 | Pan      | Found the +6 sword of Cerebov {flame}
 55671 | Pan      | Noticed Cerebov
 56117 | Pan      | Found an exit through the horrors of the Abyss.
 56427 | Pan      | Killed Cerebov
 56428 | Pan      | Reached skill level 5 in Throwing
 56465 | Pan      | Identified the +0 plate armour "Tetout" {^Drain Will+
                  | Regen+}
 56492 | Pan      | Identified the +2 orcbow "Orb Guardian's Bane" {heavy, rF++
                  | rC+}
 56519 | Pan      | Identified the +12 giant spiked club of Amorality {speed,
                  | ^Contam rElec SInv}
 56553 | Pan      | Got Sif Muna's Compendium of Heated Impurities
 56856 | Pan      | Identified the +0 ring mail of the Everdark {rN+ Regen+
                  | Str+3}
 56860 | Pan      | Reached skill level 17 in Invocations
 56924 | Pan      | Noticed Osmod the pandemonium lord
 56936 | Pan      | Killed Osmod the pandemonium lord
 57099 | Pan      | Reached skill level 1 in Long Blades
 57274 | Pan      | Found a huge runed translucent gate.
 57276 | Pan      | Found a huge runed translucent gate.
 57278 | Pan      | Found a huge runed translucent gate.
 57281 | Pan      | Found a huge runed translucent gate.
 57282 | Pan      | Found a huge runed translucent gate.
 57439 | Pan      | Entered the realm of Mnoleg.
 57598 | Pan      | Reached skill level 5 in Long Blades
 58436 | Pan      | Noticed Mnoleg
 58449 | Pan      | Killed Mnoleg
 58471 | Pan      | Got a glowing rune of Zot
 58660 | Pan      | Found an exit through the horrors of the Abyss.
 58807 | Pan      | Noticed Mitzote the pandemonium lord
 58820 | Pan      | Killed Mitzote the pandemonium lord
 58841 | Pan      | Identified the +2 mace of Slime {heavy, +Blink rElec Int+2
                  | Dex-4}
 59070 | Pan      | Entered the realm of Lom Lobon.
 59085 | Pan      | Reached skill level 10 in Long Blades
 59340 | Pan      | Noticed Lom Lobon
 59615 | Pan      | Got a magical rune of Zot
 60537 | Pan      | Noticed Lom Lobon
 60709 | Pan      | Found an exit through the horrors of the Abyss.
 60738 | Pan      | Took an exit into the Abyss.
 60738 | Abyss:1  | Escaped into the Abyss
 60763 | Abyss:1  | Found a corrupted altar of Lugonu.
 60784 | Abyss:2  | Found a corrupted altar of Lugonu.
 60831 | Abyss:2  | Found a corrupted altar of Lugonu.
 61869 | Abyss:3  | Noticed a dread lich
 61869 | Abyss:3  | Paralysed by a dread lich for 3 turns
 61877 | Abyss:3  | Killed a dread lich
 62077 | Abyss:3  | Got an abyssal rune of Zot
 62232 | Depths:2 | Escaped the Abyss
 62328 | Depths:2 | Reached skill level 15 in Long Blades
 62609 | Snake:1  | Killed Tuffe's ghost
 63014 | Crypt:3  | Found a staircase to the Tomb.
 63019 | Tomb:1   | Entered Level 1 of the Tomb of the Ancients
 63158 | Tomb:1   | Noticed a royal mummy
 63174 | Tomb:1   | Killed a royal mummy
 63366 | Tomb:1   | Noticed a royal mummy
 63377 | Tomb:1   | Killed a royal mummy
 63548 | Tomb:2   | Noticed a royal mummy
 63548 | Tomb:2   | Noticed a royal mummy
 63548 | Tomb:2   | Noticed a royal mummy
 63549 | Tomb:2   | Noticed a royal mummy
 63554 | Tomb:2   | Killed a royal mummy
 63555 | Tomb:2   | Killed a royal mummy
 63558 | Tomb:2   | Killed a royal mummy
 63558 | Tomb:2   | Killed a royal mummy
 63816 | Tomb:1   | Noticed a royal mummy
 63817 | Tomb:1   | Noticed a royal mummy
 63817 | Tomb:1   | Noticed a royal mummy
 63826 | Tomb:1   | Killed a royal mummy
 63829 | Tomb:1   | Noticed a royal mummy
 63832 | Tomb:1   | Noticed a royal mummy
 63833 | Tomb:1   | Killed a royal mummy
 63833 | Tomb:1   | Noticed a royal mummy
 63836 | Tomb:1   | Killed a royal mummy
 63841 | Tomb:1   | Noticed a royal mummy
 64247 | Tomb:1   | Killed a royal mummy
 64249 | Tomb:1   | Noticed a royal mummy
 64254 | Tomb:1   | Killed a royal mummy
 64288 | Tomb:1   | Noticed a royal mummy
 64293 | Tomb:1   | Noticed a royal mummy
 64302 | Tomb:1   | Killed a royal mummy
 64312 | Tomb:1   | Killed a royal mummy
 64313 | Tomb:1   | Reached skill level 18 in Invocations
 64322 | Tomb:1   | Noticed a royal mummy
 64327 | Tomb:1   | Noticed a royal mummy
 64328 | Tomb:1   | Killed a royal mummy
 64329 | Tomb:1   | Killed a royal mummy
 64337 | Tomb:1   | Killed a royal mummy
 64507 | Tomb:1   | Noticed a royal mummy
 64510 | Tomb:1   | Killed a royal mummy
 64512 | Tomb:1   | Killed a royal mummy
 64589 | Tomb:1   | Killed a royal mummy
 64605 | Tomb:1   | Noticed a royal mummy
 64607 | Tomb:1   | Noticed a royal mummy
 64608 | Tomb:1   | Noticed a royal mummy
 64614 | Tomb:1   | Killed a royal mummy
 64621 | Tomb:1   | Killed a royal mummy
 64625 | Tomb:1   | Killed a royal mummy
 64638 | Tomb:1   | Noticed a royal mummy
 64648 | Tomb:1   | Killed a royal mummy
 64683 | Tomb:1   | Noticed a royal mummy
 64691 | Tomb:1   | Noticed a royal mummy
 64692 | Tomb:1   | Killed a royal mummy
 64704 | Tomb:1   | Killed a royal mummy
 64704 | Tomb:1   | Noticed a royal mummy
 64714 | Tomb:1   | Killed a royal mummy
 64715 | Tomb:1   | Reached skill level 19 in Invocations
 64899 | Tomb:1   | Noticed a royal mummy
 64908 | Tomb:1   | Killed a royal mummy
 64915 | Tomb:1   | Noticed a royal mummy
 64921 | Tomb:1   | Killed a royal mummy
 64926 | Tomb:1   | Noticed a royal mummy
 64931 | Tomb:1   | Killed a royal mummy
 65061 | Tomb:3   | Entered Level 3 of the Tomb of the Ancients
 65104 | Tomb:3   | Noticed a royal mummy
 65115 | Tomb:3   | Reached skill level 20 in Invocations
 65360 | Tomb:3   | Noticed a royal mummy
 65361 | Tomb:3   | Noticed a royal mummy
 65363 | Tomb:3   | Noticed a royal mummy
 65363 | Tomb:3   | Noticed a royal mummy
 65364 | Tomb:3   | Noticed a royal mummy
 65365 | Tomb:3   | Identified the +9 falchion "Iprugh" {venom, *Rage rPois rC+
                  | Str+2}
 65365 | Tomb:3   | Noticed a royal mummy
 65367 | Tomb:3   | Killed a royal mummy
 65367 | Tomb:3   | Killed a royal mummy
 65367 | Tomb:3   | Killed a royal mummy
 65367 | Tomb:3   | Killed a royal mummy
 65367 | Tomb:3   | Noticed a royal mummy
 65367 | Tomb:3   | Noticed Khufu
 65368 | Tomb:3   | Killed a royal mummy
 65368 | Tomb:3   | Killed a royal mummy
 65370 | Tomb:3   | Killed a royal mummy
 65371 | Tomb:3   | Killed a royal mummy
 65376 | Tomb:3   | Got a golden rune of Zot
 65634 | Tomb:3   | Identified the +0 scale mail of the Equator {Str+4}
 65657 | Tomb:3   | Killed Khufu
 65683 | Tomb:3   | Identified the +4 ring mail "Rumock" {rN+}
 65685 | Tomb:3   | Identified the +3 troll leather armour of the Saviour {rC++
                  | Regen+}
 65860 | Tomb:1   | Noticed Boris
 65867 | Tomb:1   | Killed Boris
 65868 | Tomb:1   | Reached skill level 21 in Invocations
 65979 | Crypt:2  | Lost the ivory gem through the power of Zot.
 66300 | Depths:4 | Entered Level 4 of the Depths
 66300 | Depths:4 | Found a broken altar of Ashenzari.
 66471 | Depths:4 | Reached skill level 15 in Spellcasting
 66672 | Depths:4 | Reached skill level 22 in Invocations
 66681 | Depths:4 | Found a gate to the Realm of Zot.
 66689 | Depths:4 | Got a midnight gem with 222 turns to spare
 66691 | Zot:1    | Entered Level 1 of the Realm of Zot
 66931 | Zot:1    | Noticed Vv
 66940 | Zot:1    | Killed Vv
 67161 | Zot:2    | Reached skill level 23 in Invocations
 67354 | Zot:2    | Reached skill level 24 in Invocations
 67361 | Zot:2    | Noticed an orb of fire
 67375 | Zot:2    | Killed an orb of fire
 67591 | Zot:2    | Found Eghikic's CLEARANCE SALE!.
 67862 | Zot:3    | Reached skill level 25 in Invocations
 68024 | Zot:5    | Entered Level 5 of the Realm of Zot
 68351 | Zot:5    | Noticed an orb of fire
 68351 | Zot:5    | Noticed an orb of fire
 68351 | Zot:5    | Noticed an orb of fire
 68352 | Zot:5    | Noticed an orb of fire
 68353 | Zot:5    | Reached skill level 26 in Invocations
 68354 | Zot:5    | Killed an orb of fire
 68354 | Zot:5    | Killed an orb of fire
 68355 | Zot:5    | Killed an orb of fire
 68355 | Zot:5    | Killed an orb of fire
 68447 | Zot:5    | Reached skill level 27 in Invocations
 68495 | Zot:5    | Noticed an orb of fire
 68506 | Zot:5    | Killed an orb of fire
 68703 | Zot:5    | Noticed an orb of fire
 68704 | Zot:5    | Noticed an orb of fire
 68710 | Zot:5    | Killed an orb of fire
 68711 | Zot:5    | Killed an orb of fire
 68713 | Zot:5    | Noticed an orb of fire
 68717 | Zot:5    | Noticed an ancient lich
 68721 | Zot:5    | Killed an orb of fire
 68726 | Zot:5    | Noticed an orb of fire
 68733 | Zot:5    | Killed an orb of fire
 68735 | Zot:5    | Noticed an ancient lich
 68742 | Zot:5    | Killed an ancient lich
 68853 | Zot:5    | Acquired 1044 gold pieces
 68877 | Zot:5    | Got the Orb of Zot
 69499 | D:2      | Noticed Pieviora the pandemonium lord
 69613 | D:$      | Escaped with the Orb!

Illustrated notes

Levels and vault maps discovered:
D:1:      ebering_trefoil_3fold, layout_loops_ring,
          ebering_ecumenical_altar_sacrificial, chequers_hall_statues_corner_a
D:2:      minmay_skewed_foursquare, layout_loops_ring, minmay_misc_feat_square,
          hangedman_feature_mirror
D:3:      layout_loops_cross, zin_statuary, roderic_roman_lattice, uniq_grinder
D:4:      layout_rooms, grunt_dithmenos_smoke, tso_altar,
          nicolae_overflow_quartered_altars
D:5:      gammafunk_wand_slinger, layout_cave_pods
D:6:      layout_loops_ring, minmay_temple_entry_arrows,
          gammafunk_ghost_stat_death, st_stairs_11
D:7:      layout_loops_corners, cheibriados_altar_1,
          mainiacjoe_overflow_alcove_2, kennysheep_mini_moat,
          ebering_dispersal_statue_hall
D:8:      layout_gridville, dpeg_oklobed_lair, grunt_decor_arrowhead,
          st_stairs_10, dreamdust_mushroom_princess, uniq_joseph,
          uniq_prince_ribbit1
D:9:      layout_stronghold, mainiacjoe_overflow_boulevard, enter_bailey_7
D:10:     layout_roguey, grunt_temple_overflow_magic_moments, minivault_23,
          grunt_ministairs_3
D:11:     layout_stronghold, zombieorc2_lemuel
D:12:     layout_gridville, minmay_misc_feat_rows
D:13:     layout_cave_pools, david_vaults_4, serial_undead, serial_undead_b,
          serial_undead_b, serial_undead_c, serial_undead_c, serial_undead_c,
          serial_undead_a, serial_undead_a, serial_undead_f, serial_undead_a,
          serial_undead_c, minmay_lizard_king
D:14:     cross_vault, layout_cave_pools, minmay_tree_intersection, drop_trap
D:15:     gammafunk_enter_depths_forms, layout_small_grid, small_statue_alley_a,
          serial_shops, shop
Temple:   corrupted_temple
Lair:1:   layout_chaotic_city
Lair:2:   layout_roguey, serial_bayou_shore_a, grunt_megastairs_1, uniq_sonja
Lair:3:   layout_chaotic_city, shoals_dummy_entry, dummy_snake_entry,
          uniq_amaemon
Lair:4:   layout_roguey, dpeg_slime_entry_corner,
          portal_ice_cave_entry_animals_and_master, lookout_lair_type,
          evilmike_ambush [evilmike_ambush_outer_doors,
          evilmike_ambush_inner_basic]
Lair:5:   hangedman_lair_tendril_chambers, layout_gridlike, st_stairs_5,
          infiniplex_staircase_pool
Shoals:1: nicolae_shoals_mermall, layout_shoals
Shoals:2: layout_shoals, nicolae_shoals_former_cling_ruins,
          nicolae_shoals_spring_well_temple
Shoals:3: layout_shoals
Shoals:4: shoals_end_hellmonk_storm_palace [storm_palace_center_ruins,
          storm_palace_corner_altar, storm_palace_corner_reverse_hut,
          storm_palace_corner_altar, storm_palace_corner_blocked], serial_shops
Snake:1:  layout_misc_corridors, serial_shops, nicolae_shop_behind_doors,
          gammafunk_ghost_arena, nicolae_shop_unique_rings, evilmike_ambush
          [evilmike_ambush_outer_basic, evilmike_ambush_inner_basic],
          grunt_megastairs_3, serial_bayou_shore_b, uniq_jorgrun, uniq_asterion
Snake:2:  layout_cave_pods, basic_altar, uniq_mlioglotl
Snake:3:  layout_chambers, uniq_vashnia, uniq_nikola
Snake:4:  minmay_snake_end_coiled, layout_cave_town, serial_shops,
          nicolae_shop_overgrown_old_shop, uniq_mara
Slime:1:  layout_caves, cheibrodos_slime_lost_civilization_6
Slime:2:  layout_caves
Slime:3:  layout_caves
Slime:4:  layout_caves, basic_altar, nicolae_slime_rock_hall_of_fame
Slime:5:  slime_pit_nicolae_royal_road_to_ruin
Orc:1:    layout_caves, mines2_david
Orc:2:    st_orc_ogre_mass, layout_diamond_mine, basic_altar
Elf:1:    elf_arrival_002, layout_geoelf_grid, ebering_ghost_xom,
          hangedman_elf_disciples, nicolae_elf_stone_circles
Elf:2:    elven_hall_of_blades_hangedman_alternative [grunt_blade_entry_basic],
          layout_geoelf_diagonals, portal_desolation_entry_holy_temple
Elf:3:    grunt_elf_hall_branching, layout_loops_cross, lemuel_flame_loot_1
Vaults:1: nicolae_vaults_little_squares_2, nicolae_vaults_tetromino_T_1,
          v_misc_8, nicolae_vaults_house_1, v_alt_pattern_3, vaults_dpeg_spiral,
          vaults_standard_mumra_x, layout_vaults_omnigrid, serial_shops,
          bzr_entry_gold
Vaults:2: nicolae_vaults_doubleplus_tesselated, vaults_dpeg_cross, v_misc_33,
          nicolae_vaults_more_shelving_2, v_rooms_2, vaults_room_guarded_vault,
          nicolae_vaults_octothorpe, nicolae_vaults_little_squares_3, v_misc_10,
          v_misc_28, nicolae_vaults_diagonal_hallway_6, nicolae_vaults_house_2,
          layout_vaults_omnibox, uniq_frederick, uniq_bai_suzhen
Vaults:3: minmay_crypt_entry_skeletal_spiral, v_pattern_5,
          nicolae_vaults_ninety_degrees, nicolae_vaults_tetromino_Z_1,
          nicolae_vaults_asterisk, ontoclasm_vaults_bender, v_misc_10,
          hangedman_vaults_impose, vaults_room_fancy_cross,
          nicolae_vaults_variable_pillar_hall, v_misc_11, layout_vaults_big_room
Vaults:4: vaults_room_pools, hangedman_vaults_hat, v_rooms_6,
          nicolae_vaults_frosty_reception, nicolae_vaults_network_s,
          nicolae_vaults_alarming, ontoclasm_vaults_claustrophobia,
          nicolae_vaults_twisting_passages, v_alt_pattern_1,
          nicolae_vaults_trapezoid_lopsided_1, nicolae_vaults_statue_guard,
          nicolae_vaults_house_2, layout_vaults_maze_snakey, uniq_zenata,
          uniq_jory
Vaults:5
Crypt:1:  layout_gridlike, infiniplex_enter_wizlab_spiral,
          grunt_crypt_arrival_split
Crypt:2:  layout_misc_corridors, gammafunk_ghost_split, hex_large,
          minmay_misc_feat_hallway
Crypt:3:  david_glass_crypt, layout_rooms, basic_altar
Tomb:1:   uniq_boris
Tomb:2
Tomb:3
Depths:1: layout_gridville, enter_ziggurat_a, kennysheep_another_room,
          pf_coc_iceberg, trog_three_pillars_becter, firewood_loft,
          grunt_megastairs_2
Depths:2: minmay_tri_stars, layout_cross, abyss_entry, nicolae_two_hexagons,
          pan_entry, hellmouth_1, serial_shops, bzr_in_the_mist,
          nicolae_stop_n_shop_2
Depths:3: minmay_the_grid_octo_tiled_squarecenter_mashed
          [minmay_the_grid_octo_pinwheel, minmay_the_grid_octo_shrine,
          minmay_the_grid_octo_horde, minmay_the_grid_octo_empty,
          minmay_the_grid_square_5x5_megaprize_checkered,
          minmay_the_grid_square_5x5_inverted_slash,
          minmay_the_grid_square_5x5_one_wall, minmay_the_grid_square_5x5_plus,
          minmay_the_grid_square_5x5_minivault], layout_twisted_cross,
          abyss_entry_crystal, serial_glass, glass_columns_a, glass_columns_a,
          glass_columns_b, glass_columns_c, glass_columns_b, glass_columns_c,
          hell_entry, kennysheep_nondescript
Depths:4: grunt_zot_entry_hairpin, layout_gridlike, hell_entry, pan_entry,
          nicolae_ashenzari_skybound, minmay_room_of_horrors
Zot:1:    layout_misc_corridors, st_single_dragon_hoard_2,
          lemuel_baited_zot_trap, skrybe_zot_glass_1, grunt_megastairs_4,
          uniq_vv
Zot:2:    layout_onion_interference, nicolae_shop_clearance, uniq_josephina
Zot:3:    layout_basic, regret_index_zotdec_gossamer_gf
Zot:4:    layout_basic, regret_index_zotdec_misc_clamp,
          regret_index_zotdec_slimy_original, amethyst_zot_foddershock
Zot:5:    layout_basic

Skill      XL: |  1  2  3  4  5  6  7  8  9 10 11 12 13 14 15 16 17 18 19 20 21 22 23 24 25 26 27 |
---------------+----------------------------------------------------------------------------------+-----
Throwing       | 1 2 3 6 |  6.0
Unarmed Combat | 3 4 5 6 7 8 9 11 12 13 14 15 16 17 | 17.7
Spellcasting   | 2 3 4 6 7 8 9 10 11 16 | 16.0
Translocations | 3 4 5 6 7 8 |  8.8
Armour         | 2 3 4 5 7 9 10 11 12 13 14 16 | 16.1
Fighting       | 3 5 6 8 10 11 12 13 14 15 16 17 18 19 21 | 21.7
Shields        | 3 5 7 8 9 10 11 12 13 14 16 18 21 | 21.1
Invocations    | 2 7 9 10 12 13 15 27 | 27.0
Evocations     | 2 3 |  3.3
Dodging        | 2 4 5 6 7 8 9 |  9.9
Ice Magic      | 4 6 7 9 13 14 16 19 23 25 26 | 26.6
Summonings     | 1 |  1.1
Air Magic      | 1 |  1.1
Conjurations   | 1 |  1.1
Alchemy        | 1 |  1.1
Staves         | 3 7 8 9 |  9.9
Long Blades    | 17 | 17.2

Action                     |  1- 3 |  4- 6 |  7- 9 | 10-12 | 13-15 | 16-18 | 19-21 | 22-24 | 25-27 || total
---------------------------+-------+-------+-------+-------+-------+-------+-------+-------+-------++-------
  Melee: Unarmed           |    85 |    74 |   240 |   422 |  1238 |  1337 |  1248 |   922 |   973 ||  6539
         Punch             |     2 |     1 |    11 |       |       |       |       |       |       ||    14
         Staff             |       |       |       |       |       |       |     6 |    37 |   196 ||   239
         Double sword      |       |       |       |       |       |       |       |       |  1454 ||  1454
  Throw: Dart              |     4 |    39 |    36 |    28 |    76 |    28 |     9 |       |       ||   220
         Stone             |       |     1 |    16 |     1 |    17 |       |       |       |       ||    35
         Boomerang         |       |     4 |    20 |     2 |    36 |     6 |     5 |     5 |       ||    78
         Throwing net      |       |       |       |     1 |       |     1 |     9 |     1 |     2 ||    14
         Javelin           |       |       |       |       |       |       |     6 |       |       ||     6
   Cast: Blink             |       |     1 |     2 |       |     6 |    12 |     3 |     3 |    22 ||    49
         Lesser Beckoning  |       |       |       |     1 |    60 |   154 |   130 |   101 |    54 ||   500
         Teleport Other    |       |       |       |     1 |     1 |       |       |       |       ||     2
         Apportation       |       |       |       |       |    34 |    74 |    47 |    61 |    62 ||   278
         Manifold Assault  |       |       |       |       |    27 |   121 |    72 |    77 |   119 ||   416
         Summon Ice Beast  |       |       |       |       |     1 |    33 |    33 |     1 |     1 ||    69
         Ozocubu's Armour  |       |       |       |       |       |    82 |   122 |    78 |    18 ||   300
         Freezing Cloud    |       |       |       |       |       |       |    46 |    15 |       ||    61
         Sculpt Simulacrum |       |       |       |       |       |       |    50 |    21 |     3 ||    74
         Vhi's Electric Ch |       |       |       |       |       |       |     4 |       |    34 ||    38
         Polar Vortex      |       |       |       |       |       |       |       |    40 |   242 ||   282
         Passage of Golubr |       |       |       |       |       |       |       |       |    22 ||    22
 Invoke: Slouch            |       |       |       |     2 |    20 |    12 |     2 |    13 |    23 ||    72
         Bend Time         |       |       |       |       |       |     2 |     2 |     1 |       ||     5
         Temporal Distorti |       |       |       |       |       |     1 |     1 |       |     1 ||     3
         Step From Time    |       |       |       |       |       |       |       |       |     2 ||     2
  Evoke: Wand              |       |     2 |     3 |       |    59 |    40 |    11 |     1 |    27 ||   143
         Phial of floods   |       |       |       |       |     2 |     2 |     3 |     1 |     1 ||     9
         Phantom mirror    |       |       |       |       |       |     2 |     3 |     1 |     2 ||     8
    Use: Scroll            |       |     6 |     4 |    10 |    13 |    28 |     6 |     9 |    38 ||   114
         Potion            |       |       |     1 |       |     4 |    19 |     9 |     8 |    40 ||    81
   Stab: Held in net/web   |       |       |       |     1 |       |     3 |     4 |       |       ||     8
         Distracted        |       |       |       |       |     1 |     5 |     5 |     3 |     3 ||    17
         Invisible         |       |       |       |       |       |     1 |       |       |     1 ||     2
         Sleeping          |       |       |       |       |       |       |     1 |       |       ||     1
 Armour: Leather armour    |    22 |    35 |     3 |       |       |       |       |       |       ||    60
         Ring mail         |       |       |   125 |   270 |   602 |   655 |   548 |   395 |       ||  2595
         Ice dragon scales |       |       |       |       |    48 |       |       |       |       ||    48
         Plate armour      |       |       |       |       |       |       |       |    92 |  1575 ||  1667
  Dodge: Dodged            |    37 |    31 |    93 |   154 |   426 |   496 |   458 |   423 |  1495 ||  3613
         Repelled          |       |       |       |       |       |       |       |    10 |       ||    10
  Block: Kite shield       |       |       |     1 |   208 |   665 |   770 |   845 |   713 |   126 ||  3328
         Tower shield      |       |       |       |       |       |       |       |       |  3996 ||  3996
